Staline vs Influenza
(R3)
Created - May 8, 2017 at 19:16
Goals
|
| Staline |
1 |
1 |
0 |
2 |
| Influenza |
5 |
2 |
2 |
9 |
|
Shots
|
| Staline |
6 |
9 |
11 |
26 |
| Influenza |
14 |
18 |
5 |
37 |
|
1st period
1. Staline , Jordan Caron 15 (Cody Eakin 40, Nick Spaling 39) at 1:56 (PP)
2. Influenza , Jamie Benn 37 (Ben Smith 67, Thomas McCollum) at 4:28 (PP)
3. Influenza , Jeremy Morin 17 (T.J Galiardi 21, Jamie Benn 45) at 10:36
4. Influenza , Jamie Benn 38 (Ryan Carter 28, Ben Smith 68) at 10:44
5. Influenza , Ben Smith 47 (Mathieu Carle 51, Ryan Carter 29) at 11:06
6. Influenza , Jeremy Morin 18 (Jeff May 16, T.J Galiardi 22) at 15:45
Penalties :
Matt Corrente (VJB) for Tripping (Minor) at 1:51, Barclay Goodrow (StJ) for Roughing (Minor) at 4:14, Dustin Kohn (StJ) for Roughing (Double Minor) at 4:50, Philip Larsen (StJ) for Charging (Minor) at 13:11, David Desharnais (StJ) for Interference (Minor) at 16:05, Carl Gunnarsson (VJB) for Fighting (Major) at 18:19, Corey Trivino (StJ) for Fighting (Major) at 18:19, Carl Gunnarsson (VJB) for instigated a fight (Minor) at 18:19, Carl Gunnarsson (VJB) for instigated a fight (10 Minutes Misconduct) at 18:19, Matt Pettinger (StJ) for Slashing (Minor) at 19:17
2nd period
7. Staline , Matt Pettinger 50 (Steven Goertzen 33, Stu Bickel 36) at 1:27
8. Influenza , Martins Karsums 33 (Robbie Earl 50, Mathieu Carle 52) at 9:12
9. Influenza , Jamie Benn 39 (Mathieu Carle 53, Robbie Earl 51) at 12:36 (SH)
Penalties :
Jamie Benn (VJB) for Slashing (Double Minor) at 4:35, Ben Smith (VJB) for Tripping (Minor) at 11:06, Keith Yandle (StJ) for Roughing (Minor) at 14:45, Jeremy Morin (VJB) for Fighting (Major) at 16:57, Barclay Goodrow (StJ) for Fighting (Major) at 16:57, Evgeny Grachev (VJB) for Fighting (Major) at 17:02, Stu Bickel (StJ) for Fighting (Major) at 17:02, Mike Reilly (StJ) for Holding Stick (Minor) at 17:42, Bryan Bickell (StJ) for Cross-checking (Minor) at 19:17
3rd period
10. Influenza , Robbie Earl 42 (Ryan Carter 30, Carl Gunnarsson 23) at 4:09
11. Influenza , Ryan Carter 23 (Ben Smith 69, Jeff May 17) at 5:55 (SH)
Penalties :
Robbie Earl (VJB) for Holding (Minor) at 4:37, Matt Corrente (VJB) for Fighting (Major) at 7:39, Stu Bickel (StJ) for Fighting (Major) at 7:39, Stu Bickel (StJ) for instigated a fight (Minor) at 7:39, Stu Bickel (StJ) for instigated a fight (10 Minutes Misconduct) at 7:39, Nikita Nesterov (StJ) for Boarding (Minor) at 16:38
Goalie Stats
Allen York (StJ), 24 saves from 29 shots - (0.828), 48:54 minutes
Joni Ortio (StJ), 4 saves from 8 shots - (0.500), L, 3-5-2, 11:06 minutes
Thomas McCollum (VJB), 24 saves from 26 shots - (0.923), W, 35-20-4, 60:00 minutes
Players Stats for Staline
Player Name G A P +/- PIM S H SB GA TA FO MP PP MP PK MP
------------------------------------------------------------------------------------
Aaron Ness 0 0 0 0 0 0 0 1 0 0 0/0 2:34 0:00 0:00
Andrey Pedan 0 0 0 0 0 0 0 0 0 0 0/0 2:34 0:00 0:00
Barclay Goodrow 0 0 0 -2 7 0 1 0 0 0 1/1 7:32 0:25 0:00
Brandon Burlon 0 0 0 -2 0 2 2 1 1 0 0/0 21:01 3:16 7:48
Bryan Bickell 0 0 0 -1 2 0 0 1 0 0 0/0 5:57 0:03 2:48
Cody Eakin 0 1 1 0 0 2 0 0 0 0 3/10 14:11 3:38 0:48
Corey Trivino 0 0 0 -2 5 0 0 0 0 1 2/4 11:03 0:00 3:14
David Desharnais 0 0 0 -4 2 4 0 0 0 1 18/31 20:43 4:45 5:27
David Kolomatis 0 0 0 -1 0 0 0 0 0 0 0/0 9:32 0:30 1:58
David Musil 0 0 0 0 0 0 0 0 0 0 0/0 5:29 0:00 5:00
Dustin Kohn 0 0 0 0 4 0 0 1 0 0 0/0 9:26 2:44 2:05
James Sheppard 0 0 0 -2 0 1 2 1 2 0 0/0 8:41 0:37 0:00
Jiri Sekac 0 0 0 -1 0 0 0 0 0 0 0/3 3:06 0:37 0:05
Jordan Caron 1 0 1 -1 0 3 2 0 0 0 1/1 13:12 3:38 0:00
Keith Yandle 0 0 0 -4 2 3 2 3 0 3 0/0 28:19 5:14 9:22
Matt Pettinger 1 0 1 -3 2 4 1 1 0 1 8/17 26:47 4:56 9:09
Mike Reilly 0 0 0 -2 2 0 0 0 0 0 0/0 7:49 1:02 0:03
Nick Spaling 0 1 1 -1 0 2 3 0 0 0 0/2 19:11 3:38 6:13
Nikita Nesterov 0 0 0 0 2 0 0 0 0 0 0/0 7:00 0:00 5:26
Peter Holland 0 0 0 -1 0 0 0 0 0 0 0/0 2:34 0:00 0:00
Philip Larsen 0 0 0 -1 2 0 0 0 0 0 0/0 5:41 0:00 0:00
Steven Goertzen 0 1 1 -3 0 5 3 0 1 2 1/2 26:05 4:42 9:08
Stu Bickel 0 1 1 -4 22 0 2 2 1 0 0/0 21:15 5:14 5:41
Players Stats for Influenza
Player Name G A P +/- PIM S H SB GA TA FO MP PP MP PK MP
------------------------------------------------------------------------------------
Andreas Engqvist 0 0 0 0 0 0 0 0 0 0 0/0 3:17 2:16 0:00
Ben Smith 1 3 4 2 2 1 1 0 0 1 3/5 21:27 8:37 1:10
Brian Salcido 0 0 0 0 0 0 0 0 0 0 0/0 5:35 0:31 1:30
Carl Gunnarsson 0 1 1 3 17 0 0 0 0 0 0/0 13:12 6:41 0:45
Charlie Coyle 0 0 0 2 0 0 0 0 0 0 0/0 6:34 0:00 0:00
Colin McDonald 0 0 0 0 0 0 0 0 0 0 2/4 4:05 0:00 4:05
Corey Tropp 0 0 0 0 0 0 2 0 0 0 0/0 4:42 0:00 0:00
Evgeny Grachev 0 0 0 2 5 2 0 0 0 0 9/13 14:41 6:56 0:00
Iiro Pakarinen 0 0 0 0 0 0 0 0 0 0 0/0 1:25 0:55 0:00
Jacob Josefson 0 0 0 0 0 0 0 0 0 0 0/0 0:41 0:00 0:41
Jamie Benn 3 1 4 2 4 7 1 1 3 1 9/13 24:14 8:32 3:24
Jeff May 0 2 2 4 0 0 1 1 0 1 0/0 19:09 7:03 3:49
Jeremy Morin 2 0 2 2 5 3 0 1 0 0 0/0 6:03 0:00 0:00
Jordan Schroeder 0 0 0 0 0 0 0 0 0 0 0/0 2:27 1:48 0:00
Mark Scheifele 0 0 0 0 0 0 0 0 0 0 1/3 6:29 0:21 1:23
Martins Karsums 1 0 1 2 0 1 0 1 1 0 0/0 16:47 8:53 0:00
Mathieu Carle 0 3 3 2 0 5 1 2 1 0 0/0 30:04 11:05 4:31
Matt Corrente 0 0 0 2 7 0 1 2 2 1 0/0 28:11 10:21 4:31
Oskars Bartulis 0 0 0 1 0 0 1 0 0 0 0/0 10:05 0:00 2:54
Robbie Earl 1 2 3 3 2 6 3 1 1 0 0/0 21:21 8:58 3:33
Ryan Carter 1 3 4 2 0 5 1 0 0 0 12/31 21:49 8:29 1:38
Ryan Russell 0 0 0 0 0 3 1 0 0 0 0/1 7:05 0:15 1:53
T.J Brodie 0 0 0 0 0 0 0 0 0 0 0/0 2:24 0:00 0:00
T.J Galiardi 0 2 2 2 0 4 0 1 0 0 1/1 6:47 0:00 0:13
Tim Erixon 0 0 0 2 0 0 0 1 0 1 0/0 11:17 1:39 0:00
3 Stars
1 - Jamie Benn (VJB)
2 - Ryan Carter (VJB)
3 - Robbie Earl (VJB)
Power Play
Staline - 1 on 6 Attempt(s) - 16.67%
Influenza - 1 on 11 Attempt(s) - 9.09%
Penalty Kill
Staline - 10 on 11 Attempt(s) - 90.91%
- Score 0 goal in Penalty Kill
Influenza - 5 on 6 Attempt(s) - 83.33%
- Score 2 goal in Penalty Kill
Team Stat
Staline - Hits : 18 - Faceoff Wins : 34 - Blocked Shots : 11 - Penalty Minutes : 52
Influenza - Hits : 13 - Faceoff Wins : 37 - Blocked Shots : 11 - Penalty Minutes : 42
Official
Referees : Watson Brad and Peel Tim
Linesman : Shane Heyer and Jean Morin
Game Notes
1:56 of 1st period - Staline goal is going for a video replay. After video review, Goal.
Allen York enters game at 11:06 of 1st period
Corey Trivino beats up Carl Gunnarsson at 18:19 of 1st period
Dustin Kohn is injured at 12:28 of 2nd period (Bruised Left Foot)
Jamie Benn has scored a Hat Trick!
Jeremy Morin and Barclay Goodrow fight to a draw at 16:57 of 2nd period
Stu Bickel beats up Evgeny Grachev at 17:02 of 2nd period
Stu Bickel beats up Matt Corrente at 7:39 of 3rd period
Finance
Level 1 -- Attendance: 1550 (77.50%) -- Ticket Income $62,000
Level 2 -- Attendance: 806 (80.60%) -- Ticket Income $16,120
Total Attendance: 2356 (78.53%)
Total Ticket Income: $78,120
Other Income: $3,906
Total Income: $82,026
Staline
5 vs 5 Forward
Center Left Wing Right Wing Time % Phy DF OF
1 David Desharnais Matt Pettinger Steven Goertzen 40 1 2 2
2 Cody Eakin Nick Spaling Jordan Caron 30 1 2 2
3 Corey Trivino James Sheppard Barclay Goodrow 20 1 2 2
4 Peter Holland Bryan Bickell Matt Pettinger 10 1 2 2
5 vs 5 Defense
Defense Defense Time % Phy DF OF
1 Stu Bickel Keith Yandle 40 1 2 2
2 Dustin Kohn Brandon Burlon 30 1 2 2
3 Philip Larsen David Kolomatis 20 1 2 2
4 Aaron Ness Andrey Pedan 10 1 2 2
PowerPlay Forward
Center Left Wing Right Wing Time % Phy DF OF
1 David Desharnais Matt Pettinger Steven Goertzen 60 1 2 2
2 Cody Eakin Nick Spaling Jordan Caron 40 1 2 2
PowerPlay Defense
Defense Defense Time % Phy DF OF
1 Stu Bickel Keith Yandle 60 1 2 2
2 Dustin Kohn Brandon Burlon 40 1 2 2
Penalty Kill 4 Players Forward
Center Wing Time % Phy DF OF
1 Matt Pettinger Steven Goertzen 60 1 2 2
2 Nick Spaling David Desharnais 40 1 2 2
Penalty Kill 4 Players Defense
Defense Defense Time % Phy DF OF
1 Stu Bickel Keith Yandle 60 1 2 2
2 Dustin Kohn Brandon Burlon 40 1 2 2
Penalty Kill - 3 Players Forward
Forward Time % Phy DF OF
1 Matt Pettinger 60 1 2 2
2 Steven Goertzen 40 1 2 2
Penalty Kill - 3 Players Defense
Defense Defense Time % Phy DF OF
1 Stu Bickel Keith Yandle 60 1 2 2
2 Dustin Kohn Brandon Burlon 40 1 2 2
4 vs 4 Forward
Center Wing Time % Phy DF OF
1 Matt Pettinger Steven Goertzen 60 1 2 2
2 Nick Spaling David Desharnais 40 1 2 2
4 vs 4 Defense
Defense Defense Time % Phy DF OF
1 Stu Bickel Keith Yandle 60 1 2 2
2 Dustin Kohn Brandon Burlon 40 1 2 2
Last Minutes Offensive
Center Left Wing Right Wing Defense Defense
David Desharnais Matt Pettinger Steven Goertzen Stu Bickel Keith Yandle
Last Minutes Defensive
Center Left Wing Right Wing Defense Defense
David Desharnais Matt Pettinger Steven Goertzen Stu Bickel Keith Yandle
Goaltenders
Starting : Joni Ortio
Backup : Allen York
Extra Forwards
Normal : Jiri Sekac, James Sheppard, Corey Trivino - PP : Jiri Sekac, James Sheppard - PK : Corey Trivino
Extra Defensemen
Normal : Mike Reilly, Nikita Nesterov, David Musil - PP : Mike Reilly - PK : Nikita Nesterov, David Musil
Penalty Shots
Matt Pettinger, Steven Goertzen, Nick Spaling, David Desharnais, Cody Eakin
Scratches
Dustin Kohn (Bruised Left Foot Injury), Brandon Mashinter (Back Surgery Injury), Mark Mitera (Left Leg Injury), Danny Kristo (Broken Bone (Right Ankle) Injury)
Influenza
5 vs 5 Forward
Center Left Wing Right Wing Time % Phy DF OF
1 Ryan Carter Jamie Benn Ben Smith 40 1 2 2
2 Evgeny Grachev Robbie Earl Martins Karsums 30 1 2 2
3 Charlie Coyle T.J Galiardi Jeremy Morin 20 1 2 2
4 Mark Scheifele Ryan Russell Corey Tropp 10 1 2 2
5 vs 5 Defense
Defense Defense Time % Phy DF OF
1 Mathieu Carle Matt Corrente 40 1 2 2
2 Carl Gunnarsson Jeff May 30 1 2 2
3 Tim Erixon Oskars Bartulis 20 1 2 2
4 Brian Salcido T.J Brodie 10 1 2 2
PowerPlay Forward
Center Left Wing Right Wing Time % Phy DF OF
1 Ryan Carter Jamie Benn Ben Smith 60 1 2 2
2 Evgeny Grachev Robbie Earl Martins Karsums 40 1 2 2
PowerPlay Defense
Defense Defense Time % Phy DF OF
1 Mathieu Carle Matt Corrente 60 1 2 2
2 Carl Gunnarsson Jeff May 40 1 2 2
Penalty Kill 4 Players Forward
Center Wing Time % Phy DF OF
1 Jamie Benn Robbie Earl 60 1 2 2
2 Ryan Carter Ben Smith 40 1 2 2
Penalty Kill 4 Players Defense
Defense Defense Time % Phy DF OF
1 Mathieu Carle Matt Corrente 60 1 2 2
2 Carl Gunnarsson Jeff May 40 1 2 2
Penalty Kill - 3 Players Forward
Forward Time % Phy DF OF
1 Jamie Benn 60 1 2 2
2 Robbie Earl 40 1 2 2
Penalty Kill - 3 Players Defense
Defense Defense Time % Phy DF OF
1 Mathieu Carle Matt Corrente 60 1 2 2
2 Carl Gunnarsson Jeff May 40 1 2 2
4 vs 4 Forward
Center Wing Time % Phy DF OF
1 Jamie Benn Robbie Earl 60 1 2 2
2 Ryan Carter Ben Smith 40 1 2 2
4 vs 4 Defense
Defense Defense Time % Phy DF OF
1 Mathieu Carle Matt Corrente 60 1 2 2
2 Carl Gunnarsson Jeff May 40 1 2 2
Last Minutes Offensive
Center Left Wing Right Wing Defense Defense
Ryan Carter Jamie Benn Ben Smith Mathieu Carle Matt Corrente
Last Minutes Defensive
Center Left Wing Right Wing Defense Defense
Ryan Carter Jamie Benn Ben Smith Mathieu Carle Matt Corrente
Goaltenders
Starting : Thomas McCollum
Backup : Olivier Roy
Extra Forwards
Normal : Andreas Engqvist, Jordan Schroeder, Colin McDonald - PP : Andreas Engqvist, Jordan Schroeder - PK : Colin McDonald
Extra Defensemen
Normal : Tim Erixon, Oskars Bartulis, Brian Salcido - PP : Tim Erixon - PK : Oskars Bartulis, Brian Salcido
Penalty Shots
Jamie Benn, Robbie Earl, Ryan Carter, Ben Smith, Martins Karsums
Scratches
Jamie Devane (Healthy), John Klingberg (Sprained Right Knee Injury), Ryan Sproul (Healthy), Colton Sceviour (Healthy), Philippe Cornet (Healthy)
Tyson Sexsmith (Healthy)
% Time on Ice - Staline
Lines # - Real PCT - Wanted PCT - Time Play
Normal Forward
1 - 37% - 40% - 11:29
2 - 30% - 30% - 9:32
3 - 25% - 20% - 7:44
4 - 8% - 10% - 2:34
Normal Defense
1 - 43% - 40% - 13:25
2 - 31% - 30% - 9:39
3 - 18% - 20% - 5:41
4 - 8% - 10% - 2:34
PP Forward
1 - 60% - 60% - 5:22
2 - 40% - 40% - 3:38
PP Defense
1 - 64% - 60% - 5:44
2 - 36% - 40% - 3:16
PK Forward
1 - 65% - 60% - 11:56
2 - 35% - 40% - 6:20
PK Defense
1 - 56% - 60% - 10:12
2 - 44% - 40% - 8:04
PK3 Forward
1 - 100% - 60% - 0:24
2 - 0% - 40% - 0:00
PK3 Defense
1 - 0% - 60% - 0:00
2 - 100% - 40% - 0:24
44 Forward
1 - 100% - 60% - 1:01
2 - 0% - 40% - 0:00
44 Defense
1 - 31% - 60% - 0:19
2 - 69% - 40% - 0:42
Last Minute Offensive - 0:00
Last Minute Defensive - 0:00
Total
Forward - 60:00
Defense - 60:00
|
% Time on Ice - Influenza
Lines # - Real PCT - Wanted PCT - Time Play
Normal Forward
1 - 38% - 40% - 11:55
2 - 26% - 30% - 8:08
3 - 21% - 20% - 6:34
4 - 15% - 10% - 4:42
Normal Defense
1 - 43% - 40% - 13:27
2 - 26% - 30% - 8:17
3 - 23% - 20% - 7:11
4 - 8% - 10% - 2:24
PP Forward
1 - 49% - 60% - 9:05
2 - 51% - 40% - 9:35
PP Defense
1 - 62% - 60% - 11:37
2 - 38% - 40% - 7:03
PK Forward
1 - 79% - 60% - 7:09
2 - 21% - 40% - 1:51
PK Defense
1 - 50% - 60% - 4:31
2 - 50% - 40% - 4:29
PK3 Forward
1 - 0% - 60%
2 - 0% - 40%
PK3 Defense
1 - 0% - 60%
2 - 0% - 40%
44 Forward
1 - 80% - 60% - 0:49
2 - 20% - 40% - 0:12
44 Defense
1 - 100% - 60% - 1:01
2 - 0% - 40% - 0:00
Last Minute Offensive - 0:00
Last Minute Defensive - 0:00
Total
Forward - 60:00
Defense - 60:00
|
Play by Play
1st period
0:01 of 1st period - David Desharnais wins face-off versus Jamie Benn in neutral zone.
1:08 of 1st period - Wrist shot by Steven Goertzen.
1:08 of 1st period - Shot Misses the Net.
1:51 of 1st period - Minor Penalty to Matt Corrente for Tripping.
1:52 of 1st period - Cody Eakin wins face-off versus Colin McDonald in Influenza zone.
1:54 of 1st period - Snap shot by Cody Eakin.
1:54 of 1st period - Stopped by Thomas McCollum with a rebound.
1:56 of 1st period - Slapshot by Jordan Caron.
1:56 of 1st period - Staline goal is going for a video replay.
1:56 of 1st period - The goal is good.
1:56 of 1st period - Goal by Jordan Caron - Staline : 1 - Influenza : 0.
1:57 of 1st period - Evgeny Grachev wins face-off versus Cody Eakin in neutral zone.
2:26 of 1st period - Oskars Bartulis is hit by Nick Spaling and loses puck.
2:59 of 1st period - Snap shot by James Sheppard.
2:59 of 1st period - Stopped by Thomas McCollum with a rebound.
3:43 of 1st period - Philip Larsen is hit by Oskars Bartulis and loses puck.
4:14 of 1st period - Minor Penalty to Barclay Goodrow for Roughing.
4:15 of 1st period - Ben Smith wins face-off versus Matt Pettinger in Staline zone.
4:16 of 1st period - Snap shot by Ryan Carter.
4:16 of 1st period - Stopped by Joni Ortio without a rebound.
4:17 of 1st period - Matt Pettinger wins face-off versus Ryan Carter in Staline zone.
4:28 of 1st period - Snap shot by Jamie Benn.
4:28 of 1st period - Deflect By Matt Pettinger.
4:28 of 1st period - Goal by Jamie Benn - Staline : 1 - Influenza : 1.
4:29 of 1st period - Cody Eakin wins face-off versus Evgeny Grachev in neutral zone.
4:50 of 1st period - Double Minor Penalty to Dustin Kohn for Roughing.
4:51 of 1st period - Matt Pettinger wins face-off versus Ryan Carter in Staline zone.
7:06 of 1st period - Backhand shot by David Desharnais.
7:06 of 1st period - Stopped by Thomas McCollum with a rebound.
8:11 of 1st period - Robbie Earl is hit by Stu Bickel and loses puck.
8:50 of 1st period - Penalty to Dustin Kohn is over, Dustin Kohn is back on ice.
10:18 of 1st period - Wrist shot by Mark Scheifele.
10:18 of 1st period - Shot Blocked by Aaron Ness.
10:34 of 1st period - Snap shot by T.J Galiardi.
10:34 of 1st period - Stopped by Joni Ortio with a rebound.
10:36 of 1st period - Wrist shot by Jeremy Morin.
10:36 of 1st period - Goal by Jeremy Morin - Staline : 1 - Influenza : 2.
10:37 of 1st period - Ryan Carter wins face-off versus David Desharnais in neutral zone.
10:44 of 1st period - Snap shot by Ryan Carter.
10:44 of 1st period - Deflect By Jamie Benn.
10:44 of 1st period - Goal by Jamie Benn - Staline : 1 - Influenza : 3.
10:45 of 1st period - David Desharnais wins face-off versus Ryan Carter in neutral zone.
10:52 of 1st period - Slapshot by Ryan Carter.
10:52 of 1st period - Stopped by Joni Ortio without a rebound.
10:53 of 1st period - Ryan Carter wins face-off versus David Desharnais in Staline zone.
11:00 of 1st period - Snap shot by Ben Smith.
11:00 of 1st period - Shot Blocked by Keith Yandle.
11:02 of 1st period - Snap shot by Ben Smith.
11:02 of 1st period - Shot Blocked by Matt Pettinger.
11:04 of 1st period - Slapshot by Mathieu Carle.
11:04 of 1st period - Stopped by Joni Ortio with a rebound.
11:06 of 1st period - Snap shot by Ben Smith.
11:06 of 1st period - Goal by Ben Smith - Staline : 1 - Influenza : 4.
11:06 of 1st period - Allen York enters game.
11:07 of 1st period - Evgeny Grachev wins face-off versus David Desharnais in neutral zone.
11:10 of 1st period - Matt Pettinger is hit by Robbie Earl.
11:11 of 1st period - Icing by Matt Pettinger.
11:12 of 1st period - David Desharnais wins face-off versus Evgeny Grachev in Staline zone.
11:23 of 1st period - Snap shot by Matt Pettinger.
11:23 of 1st period - Shot Misses the Net.
11:25 of 1st period - Wrist shot by Steven Goertzen.
11:25 of 1st period - Shot Blocked by Matt Corrente.
11:27 of 1st period - Wrist shot by Steven Goertzen.
11:27 of 1st period - Stopped by Thomas McCollum with a rebound.
12:21 of 1st period - David Desharnais is hit by Corey Tropp and loses puck.
12:34 of 1st period - Snap shot by Ryan Russell.
12:34 of 1st period - Shot Misses the Net.
13:11 of 1st period - Minor Penalty to Philip Larsen for Charging.
13:12 of 1st period - Matt Pettinger wins face-off versus Ryan Carter in Staline zone.
13:41 of 1st period - Slapshot by David Desharnais.
13:41 of 1st period - Shot Blocked by Martins Karsums.
13:47 of 1st period - Slapshot by Robbie Earl.
13:47 of 1st period - Stopped by Allen York with a rebound.
14:15 of 1st period - Nick Spaling is hit by Robbie Earl and loses puck.
15:11 of 1st period - Penalty to Philip Larsen is over, Philip Larsen is back on ice.
15:18 of 1st period - Martins Karsums is hit by Nick Spaling and loses puck.
15:39 of 1st period - Snap shot by Jeremy Morin.
15:39 of 1st period - Stopped by Allen York with a rebound.
15:43 of 1st period - Slapshot by T.J Galiardi.
15:43 of 1st period - Stopped by Allen York with a rebound.
15:45 of 1st period - Wrist shot by Jeff May.
15:45 of 1st period - Deflect By Jeremy Morin.
15:45 of 1st period - Goal by Jeremy Morin - Staline : 1 - Influenza : 5.
15:46 of 1st period - David Desharnais wins face-off versus Ryan Carter in neutral zone.
15:46 of 1st period - David Desharnais is hit by Ben Smith.
15:52 of 1st period - Slapshot by Matt Pettinger.
15:52 of 1st period - Stopped by Thomas McCollum without a rebound.
15:53 of 1st period - David Desharnais wins face-off versus Ryan Carter in Influenza zone.
16:05 of 1st period - Minor Penalty to David Desharnais for Interference.
16:06 of 1st period - Matt Pettinger wins face-off versus Ben Smith in Staline zone.
16:18 of 1st period - Snap shot by Ben Smith.
16:18 of 1st period - Deflect By Jamie Benn.
16:18 of 1st period - Shot Misses the Net.
16:18 of 1st period - Puck is out of play.
16:19 of 1st period - Ryan Carter wins face-off versus Matt Pettinger in Staline zone.
16:49 of 1st period - Slapshot by Dustin Kohn.
16:49 of 1st period - Shot Blocked by Matt Corrente.
17:04 of 1st period - Evgeny Grachev is hit by Brandon Burlon.
18:05 of 1st period - Penalty to David Desharnais is over, David Desharnais is back on ice.
18:12 of 1st period - Wrist shot by Evgeny Grachev.
18:12 of 1st period - Shot Blocked by Bryan Bickell.
18:14 of 1st period - Slapshot by Evgeny Grachev.
18:14 of 1st period - Stopped by Allen York with a rebound.
18:16 of 1st period - Wrist shot by Evgeny Grachev.
18:16 of 1st period - Stopped by Allen York without a rebound.
18:17 of 1st period - Corey Trivino wins face-off versus Ryan Carter in Staline zone.
18:19 of 1st period - Corey Trivino beats up Carl Gunnarsson.
18:19 of 1st period - Penalty to Carl Gunnarsson for Fighting.
18:19 of 1st period - Penalty to Corey Trivino for Fighting.
18:19 of 1st period - Penalty to Carl Gunnarsson for instigated a fight.
18:19 of 1st period - Penalty to Carl Gunnarsson for instigated a fight.
18:20 of 1st period - Jamie Benn wins face-off versus Matt Pettinger in neutral zone.
19:17 of 1st period - Minor Penalty to Matt Pettinger for Slashing.
19:18 of 1st period - Jamie Benn wins face-off versus Jiri Sekac in Staline zone.
Goals for this period are 1 for Staline vs 5 for Influenza.
Shots for this period are 6 for Staline vs 14 for Influenza.
2nd period
0:01 of 2nd period - Jamie Benn wins face-off versus Jiri Sekac in neutral zone.
0:06 of 2nd period - Backhand shot by Jamie Benn.
0:06 of 2nd period - Shot Misses the Net.
0:19 of 2nd period - Penalty to Carl Gunnarsson is over, Andreas Engqvist is send on ice.
0:21 of 2nd period - Wrist shot by Robbie Earl.
0:21 of 2nd period - Stopped by Allen York with a rebound.
0:23 of 2nd period - Slapshot by Matt Corrente.
0:23 of 2nd period - Deflect By Robbie Earl.
0:23 of 2nd period - Shot Blocked by Keith Yandle.
0:23 of 2nd period - Puck is out of play.
0:24 of 2nd period - Cody Eakin wins face-off versus Ryan Carter in Staline zone.
0:47 of 2nd period - Snap shot by Martins Karsums.
0:47 of 2nd period - Shot Blocked by Stu Bickel.
0:49 of 2nd period - Snap shot by Robbie Earl.
0:49 of 2nd period - Deflect By Keith Yandle.
0:49 of 2nd period - Shot Blocked by Stu Bickel.
0:49 of 2nd period - Puck is out of play.
0:50 of 2nd period - Evgeny Grachev wins face-off versus Nick Spaling in Staline zone.
0:57 of 2nd period - Wrist shot by Evgeny Grachev.
0:57 of 2nd period - Shot Misses the Net.
0:59 of 2nd period - Wrist shot by Matt Corrente.
0:59 of 2nd period - Shot Misses the Net.
1:01 of 2nd period - Wrist shot by Robbie Earl.
1:01 of 2nd period - Stopped by Allen York with a rebound.
1:03 of 2nd period - Slapshot by Mathieu Carle.
1:03 of 2nd period - Stopped by Allen York without a rebound.
1:04 of 2nd period - Jamie Benn wins face-off versus Cody Eakin in Staline zone.
1:15 of 2nd period - Wrist shot by Steven Goertzen.
1:15 of 2nd period - Shot Blocked by Mathieu Carle.
1:17 of 2nd period - Penalty to Matt Pettinger is over, Matt Pettinger is back on ice.
1:17 of 2nd period - Snap shot by Cody Eakin.
1:17 of 2nd period - Shot Blocked by Mathieu Carle.
1:27 of 2nd period - Snap shot by Matt Pettinger.
1:27 of 2nd period - Goal by Matt Pettinger - Staline : 2 - Influenza : 5.
1:28 of 2nd period - David Desharnais wins face-off versus Ryan Carter in neutral zone.
1:33 of 2nd period - Slapshot by Keith Yandle.
1:33 of 2nd period - Stopped by Thomas McCollum without a rebound.
1:34 of 2nd period - David Desharnais wins face-off versus Ben Smith in Influenza zone.
2:05 of 2nd period - Wrist shot by Martins Karsums.
2:05 of 2nd period - Shot Misses the Net.
2:07 of 2nd period - Snap shot by Robbie Earl.
2:07 of 2nd period - Shot Misses the Net.
2:09 of 2nd period - Slapshot by Mathieu Carle.
2:09 of 2nd period - Deflect By Nick Spaling.
2:09 of 2nd period - Stopped by Allen York with a rebound.
2:39 of 2nd period - Keith Yandle is hit by Corey Tropp and loses puck.
3:08 of 2nd period - Snap shot by Jamie Benn.
3:08 of 2nd period - Stopped by Allen York without a rebound.
3:09 of 2nd period - David Desharnais wins face-off versus Evgeny Grachev in Staline zone.
3:19 of 2nd period - Snap shot by Matt Pettinger.
3:19 of 2nd period - Deflect By Steven Goertzen.
3:19 of 2nd period - Stopped by Thomas McCollum with a rebound.
3:21 of 2nd period - Snap shot by Steven Goertzen.
3:21 of 2nd period - Shot Misses the Net.
3:23 of 2nd period - Snap shot by Steven Goertzen.
3:23 of 2nd period - Stopped by Thomas McCollum with a rebound.
4:03 of 2nd period - Wrist shot by James Sheppard.
4:03 of 2nd period - Shot Misses the Net.
4:05 of 2nd period - Snap shot by Corey Trivino.
4:05 of 2nd period - Deflect By James Sheppard.
4:05 of 2nd period - Shot Blocked by Jeremy Morin.
4:05 of 2nd period - Puck is out of play.
4:06 of 2nd period - Ryan Carter wins face-off versus David Desharnais in Influenza zone.
4:11 of 2nd period - Snap shot by Ryan Carter.
4:11 of 2nd period - Stopped by Allen York with a rebound.
4:14 of 2nd period - Icing by Dustin Kohn.
4:15 of 2nd period - Ryan Carter wins face-off versus Matt Pettinger in Staline zone.
4:35 of 2nd period - Double Minor Penalty to Jamie Benn for Slashing.
4:36 of 2nd period - David Desharnais wins face-off versus Colin McDonald in Influenza zone.
4:50 of 2nd period - Slapshot by Keith Yandle.
4:50 of 2nd period - Shot Blocked by Robbie Earl.
4:52 of 2nd period - Slapshot by Stu Bickel.
4:52 of 2nd period - Shot Misses the Net.
6:44 of 2nd period - Ryan Russell is hit by Barclay Goodrow and loses puck.
7:24 of 2nd period - Icing by James Sheppard.
7:25 of 2nd period - Colin McDonald wins face-off versus Jiri Sekac in Staline zone.
7:33 of 2nd period - Off-side.
7:34 of 2nd period - Colin McDonald wins face-off versus Cody Eakin in neutral zone.
8:29 of 2nd period - Wrist shot by Ryan Russell.
8:29 of 2nd period - Stopped by Allen York with a rebound.
8:31 of 2nd period - Slapshot by Ryan Russell.
8:31 of 2nd period - Stopped by Allen York with a rebound.
8:35 of 2nd period - Penalty to Jamie Benn is over, Jamie Benn is back on ice.
8:35 of 2nd period - Slapshot by Ryan Russell.
8:35 of 2nd period - Stopped by Allen York with a rebound.
8:37 of 2nd period - Slapshot by Jamie Benn.
8:37 of 2nd period - Stopped by Allen York without a rebound.
8:38 of 2nd period - Ryan Carter wins face-off versus Corey Trivino in Staline zone.
9:03 of 2nd period - James Sheppard is hit by Robbie Earl and loses puck.
9:10 of 2nd period - Wrist shot by Robbie Earl.
9:10 of 2nd period - Stopped by Allen York with a rebound.
9:12 of 2nd period - Wrist shot by Martins Karsums.
9:12 of 2nd period - Goal by Martins Karsums - Staline : 2 - Influenza : 6.
9:13 of 2nd period - David Desharnais wins face-off versus Ryan Carter in neutral zone.
9:16 of 2nd period - Ben Smith is hit by Steven Goertzen and loses puck.
9:39 of 2nd period - Mathieu Carle is hit by Keith Yandle and loses puck.
9:46 of 2nd period - Slapshot by Jordan Caron.
9:46 of 2nd period - Stopped by Thomas McCollum without a rebound.
9:47 of 2nd period - Evgeny Grachev wins face-off versus Cody Eakin in Influenza zone.
9:47 of 2nd period - Evgeny Grachev is hit by Brandon Burlon.
10:02 of 2nd period - Wrist shot by Robbie Earl.
10:02 of 2nd period - Stopped by Allen York with a rebound.
10:14 of 2nd period - Slapshot by Nick Spaling.
10:14 of 2nd period - Stopped by Thomas McCollum without a rebound.
10:15 of 2nd period - Ben Smith wins face-off versus David Desharnais in Influenza zone.
10:57 of 2nd period - Slapshot by Ben Smith.
10:57 of 2nd period - Shot Misses the Net.
11:06 of 2nd period - Minor Penalty to Ben Smith for Tripping.
11:07 of 2nd period - David Desharnais wins face-off versus Jamie Benn in Influenza zone.
11:32 of 2nd period - Jamie Benn is hit by Nick Spaling and loses puck.
11:41 of 2nd period - Wrist shot by Nick Spaling.
11:41 of 2nd period - Shot Blocked by Jeff May.
12:19 of 2nd period - Snap shot by Mathieu Carle.
12:19 of 2nd period - Stopped by Allen York without a rebound.
12:20 of 2nd period - Mark Scheifele wins face-off versus Cody Eakin in Staline zone.
12:21 of 2nd period - Snap shot by Ryan Russell.
12:21 of 2nd period - Shot Blocked by Dustin Kohn.
12:27 of 2nd period - Dustin Kohn is hit by Mathieu Carle and loses puck.
12:28 of 2nd period - Dustin Kohn from Staline is injured at 12:28 of 2nd period (Bruised Left Foot).
12:29 of 2nd period - Jamie Benn wins face-off versus David Desharnais in Staline zone.
12:32 of 2nd period - Wrist shot by Jamie Benn.
12:32 of 2nd period - Stopped by Allen York with a rebound.
12:34 of 2nd period - Slapshot by Mathieu Carle.
12:34 of 2nd period - Shot Blocked by Keith Yandle.
12:36 of 2nd period - Wrist shot by Jamie Benn.
12:36 of 2nd period - Goal by Jamie Benn - Staline : 2 - Influenza : 7.
12:37 of 2nd period - David Desharnais wins face-off versus Jamie Benn in neutral zone.
12:50 of 2nd period - Off-side.
12:51 of 2nd period - David Desharnais wins face-off versus Jamie Benn in neutral zone.
12:59 of 2nd period - Wrist shot by Matt Pettinger.
12:59 of 2nd period - Shot Misses the Net.
13:06 of 2nd period - Penalty to Ben Smith is over, Ben Smith is back on ice.
13:07 of 2nd period - Snap shot by Matt Pettinger.
13:07 of 2nd period - Deflect By Steven Goertzen.
13:07 of 2nd period - Stopped by Thomas McCollum with a rebound.
13:19 of 2nd period - 10 Minutes Misconduct Penalty to Carl Gunnarsson is over.
13:41 of 2nd period - Off-side.
13:42 of 2nd period - Corey Trivino wins face-off versus Mark Scheifele in neutral zone.
13:52 of 2nd period - Off-side.
13:53 of 2nd period - Ryan Carter wins face-off versus David Desharnais in neutral zone.
14:06 of 2nd period - Wrist shot by Mathieu Carle.
14:06 of 2nd period - Stopped by Allen York with a rebound.
14:23 of 2nd period - Icing by Mathieu Carle.
14:24 of 2nd period - Evgeny Grachev wins face-off versus David Desharnais in Influenza zone.
14:24 of 2nd period - Evgeny Grachev is hit by Steven Goertzen.
14:45 of 2nd period - Minor Penalty to Keith Yandle for Roughing.
14:46 of 2nd period - Ryan Carter wins face-off versus Matt Pettinger in Staline zone.
16:45 of 2nd period - Penalty to Keith Yandle is over, Keith Yandle is back on ice.
16:57 of 2nd period - Jeremy Morin and Barclay Goodrow fight to a draw.
16:57 of 2nd period - Penalty to Jeremy Morin for Fighting.
16:57 of 2nd period - Penalty to Barclay Goodrow for Fighting.
16:58 of 2nd period - Steven Goertzen wins face-off versus Evgeny Grachev in Staline zone.
17:02 of 2nd period - Stu Bickel beats up Evgeny Grachev.
17:02 of 2nd period - Penalty to Evgeny Grachev for Fighting.
17:02 of 2nd period - Penalty to Stu Bickel for Fighting.
17:03 of 2nd period - David Desharnais wins face-off versus Ryan Carter in neutral zone.
17:18 of 2nd period - Steven Goertzen is hit by Ryan Carter and loses puck.
17:42 of 2nd period - Minor Penalty to Mike Reilly for Holding Stick.
17:43 of 2nd period - Ben Smith wins face-off versus Matt Pettinger in Staline zone.
17:45 of 2nd period - Wrist shot by Jamie Benn.
17:45 of 2nd period - Stopped by Allen York without a rebound.
17:46 of 2nd period - Ryan Carter wins face-off versus Matt Pettinger in Staline zone.
18:13 of 2nd period - Wrist shot by Nick Spaling.
18:13 of 2nd period - Stopped by Thomas McCollum with a rebound.
19:17 of 2nd period - Minor Penalty to Bryan Bickell for Cross-checking.
19:18 of 2nd period - Matt Pettinger wins face-off versus Ryan Carter in Staline zone.
19:22 of 2nd period - Off-side.
19:23 of 2nd period - Ryan Carter wins face-off versus Matt Pettinger in neutral zone.
19:42 of 2nd period - Penalty to Mike Reilly is over, Mike Reilly is back on ice.
19:48 of 2nd period - Slapshot by Brandon Burlon.
19:48 of 2nd period - Stopped by Thomas McCollum with a rebound.
Goals for this period are 1 for Staline vs 2 for Influenza.
Shots for this period are 9 for Staline vs 18 for Influenza.
3rd period
0:01 of 3rd period - Matt Pettinger wins face-off versus Ryan Carter in neutral zone.
0:09 of 3rd period - Wrist shot by Mathieu Carle.
0:09 of 3rd period - Shot Misses the Net.
0:11 of 3rd period - Slapshot by Mathieu Carle.
0:11 of 3rd period - Shot Misses the Net.
1:17 of 3rd period - Penalty to Bryan Bickell is over, Bryan Bickell is back on ice.
3:40 of 3rd period - Cody Eakin is hit by Ryan Russell.
3:54 of 3rd period - Ryan Carter is hit by Matt Pettinger and loses puck.
4:09 of 3rd period - Wrist shot by Robbie Earl.
4:09 of 3rd period - Goal by Robbie Earl - Staline : 2 - Influenza : 8.
4:10 of 3rd period - Ryan Carter wins face-off versus Nick Spaling in neutral zone.
4:37 of 3rd period - Minor Penalty to Robbie Earl for Holding.
4:38 of 3rd period - Jamie Benn wins face-off versus Steven Goertzen in Influenza zone.
4:47 of 3rd period - Snap shot by Steven Goertzen.
4:47 of 3rd period - Stopped by Thomas McCollum without a rebound.
4:48 of 3rd period - Jamie Benn wins face-off versus David Desharnais in Influenza zone.
4:51 of 3rd period - Snap shot by Matt Pettinger.
4:51 of 3rd period - Stopped by Thomas McCollum with a rebound.
4:55 of 3rd period - Snap shot by Matt Pettinger.
4:55 of 3rd period - Stopped by Thomas McCollum without a rebound.
4:56 of 3rd period - Jamie Benn wins face-off versus David Desharnais in Influenza zone.
5:21 of 3rd period - Matt Corrente is hit by Jordan Caron and loses puck.
5:55 of 3rd period - Wrist shot by Ryan Carter.
5:55 of 3rd period - Goal by Ryan Carter - Staline : 2 - Influenza : 9.
5:56 of 3rd period - Jamie Benn wins face-off versus David Desharnais in neutral zone.
6:02 of 3rd period - Mathieu Carle is hit by Stu Bickel and loses puck.
6:09 of 3rd period - Keith Yandle is hit by Matt Corrente and loses puck.
6:37 of 3rd period - Penalty to Robbie Earl is over, Robbie Earl is back on ice.
6:59 of 3rd period - Wrist shot by T.J Galiardi.
6:59 of 3rd period - Stopped by Allen York with a rebound.
7:01 of 3rd period - Snap shot by T.J Galiardi.
7:01 of 3rd period - Stopped by Allen York with a rebound.
7:18 of 3rd period - Off-side.
7:19 of 3rd period - Jordan Caron wins face-off versus Mark Scheifele in neutral zone.
7:22 of 3rd period - Slapshot by Keith Yandle.
7:22 of 3rd period - Stopped by Thomas McCollum without a rebound.
7:23 of 3rd period - David Desharnais wins face-off versus Ryan Carter in Influenza zone.
7:32 of 3rd period - Wrist shot by David Desharnais.
7:32 of 3rd period - Stopped by Thomas McCollum without a rebound.
7:33 of 3rd period - David Desharnais wins face-off versus Ryan Carter in Influenza zone.
7:36 of 3rd period - Wrist shot by David Desharnais.
7:36 of 3rd period - Stopped by Thomas McCollum without a rebound.
7:37 of 3rd period - Ryan Carter wins face-off versus David Desharnais in Influenza zone.
7:39 of 3rd period - Stu Bickel beats up Matt Corrente.
7:39 of 3rd period - Penalty to Matt Corrente for Fighting.
7:39 of 3rd period - Penalty to Stu Bickel for Fighting.
7:39 of 3rd period - Penalty to Stu Bickel for instigated a fight.
7:39 of 3rd period - Penalty to Stu Bickel for instigated a fight.
7:40 of 3rd period - Matt Pettinger wins face-off versus Ryan Carter in neutral zone.
9:39 of 3rd period - Penalty to Stu Bickel is over, Jordan Caron is send on ice.
9:47 of 3rd period - Wrist shot by Cody Eakin.
9:47 of 3rd period - Stopped by Thomas McCollum with a rebound.
10:33 of 3rd period - Ryan Russell is hit by Jordan Caron and loses puck.
11:45 of 3rd period - Slapshot by David Desharnais.
11:45 of 3rd period - Stopped by Thomas McCollum with a rebound.
12:02 of 3rd period - Snap shot by Matt Pettinger.
12:02 of 3rd period - Shot Blocked by Jamie Benn.
12:17 of 3rd period - Icing by Evgeny Grachev.
12:18 of 3rd period - Evgeny Grachev wins face-off versus Corey Trivino in Influenza zone.
12:18 of 3rd period - Evgeny Grachev is hit by James Sheppard.
12:30 of 3rd period - Mathieu Carle is hit by James Sheppard and loses puck.
13:06 of 3rd period - Mark Scheifele is hit by Steven Goertzen and loses puck.
13:15 of 3rd period - Icing by Matt Pettinger.
13:16 of 3rd period - David Desharnais wins face-off versus Ryan Carter in Staline zone.
13:16 of 3rd period - David Desharnais is hit by Jamie Benn.
13:30 of 3rd period - Backhand shot by Jeff May.
13:30 of 3rd period - Deflect By Ryan Carter.
13:30 of 3rd period - Stopped by Allen York without a rebound.
13:31 of 3rd period - Evgeny Grachev wins face-off versus Cody Eakin in Staline zone.
13:31 of 3rd period - Evgeny Grachev is hit by Keith Yandle.
13:46 of 3rd period - Icing by Matt Corrente.
13:47 of 3rd period - Evgeny Grachev wins face-off versus David Desharnais in Influenza zone.
15:11 of 3rd period - Icing by Ryan Carter.
15:12 of 3rd period - T.J Galiardi wins face-off versus Cody Eakin in Influenza zone.
16:01 of 3rd period - Snap shot by James Sheppard.
16:01 of 3rd period - Deflect By Jeff May.
16:01 of 3rd period - Shot Misses the Net.
16:01 of 3rd period - Puck is out of play.
16:02 of 3rd period - Barclay Goodrow wins face-off versus Ryan Russell in Influenza zone.
16:11 of 3rd period - Slapshot by Keith Yandle.
16:11 of 3rd period - Stopped by Thomas McCollum without a rebound.
16:12 of 3rd period - David Desharnais wins face-off versus Ryan Carter in Influenza zone.
16:38 of 3rd period - Minor Penalty to Nikita Nesterov for Boarding.
16:39 of 3rd period - Matt Pettinger wins face-off versus Ryan Carter in Staline zone.
17:05 of 3rd period - Wrist shot by Martins Karsums.
17:05 of 3rd period - Shot Misses the Net.
17:07 of 3rd period - Snap shot by Martins Karsums.
17:07 of 3rd period - Deflect By Robbie Earl.
17:07 of 3rd period - Shot Misses the Net.
17:07 of 3rd period - Puck is out of play.
17:08 of 3rd period - Evgeny Grachev wins face-off versus Matt Pettinger in Staline zone.
17:41 of 3rd period - Keith Yandle is hit by Jeff May and loses puck.
18:38 of 3rd period - Penalty to Nikita Nesterov is over, Nikita Nesterov is back on ice.
18:58 of 3rd period - Snap shot by Ryan Russell.
18:58 of 3rd period - Shot Misses the Net.
19:36 of 3rd period - Snap shot by Nick Spaling.
19:36 of 3rd period - Shot Blocked by T.J Galiardi.
19:38 of 3rd period - Slapshot by Brandon Burlon.
19:38 of 3rd period - Stopped by Thomas McCollum with a rebound.
19:40 of 3rd period - Snap shot by Nick Spaling.
19:40 of 3rd period - Deflect By Jordan Caron.
19:40 of 3rd period - Stopped by Thomas McCollum with a rebound.
19:42 of 3rd period - Snap shot by Jordan Caron.
19:42 of 3rd period - Shot Blocked by Tim Erixon.
19:54 of 3rd period - Snap shot by Ben Smith.
19:54 of 3rd period - Shot Blocked by Brandon Burlon.
19:56 of 3rd period - Snap shot by Oskars Bartulis.
19:56 of 3rd period - Shot Blocked by James Sheppard.
Goals for this period are 0 for Staline vs 2 for Influenza.
Shots for this period are 11 for Staline vs 5 for Influenza.
Back to the Top